 Dungeon Crawl Stone Soup version 0.29.1-15-g9cfb28693d (webtiles) character file.

Game seed: 796600958491919359

18 iamoutofideas the Chopper (level 2, 25/25 HPs)
             Began as a Hill Orc Gladiator on Apr 24, 2023.
             Quit the game on level 1 of the Dungeon.
             The game lasted 00:00:26 (823 turns).

iamoutofideas the Chopper (Hill Orc Gladiator)       Turns: 823, Time: 00:00:27

Health: 25/25      AC:  4    Str: 16    XL:     2   Next: 70%
Magic:  2/2        EV: 12    Int:  8    God:
Gold:   78         SH:  0    Dex: 12    Spells: 1/1 levels left

rFire   . . .      SeeInvis .   a - +0 war axe
rCold   . . .      Faith    .   (no shield)
rNeg    . . .      Spirit   .   b - +0 leather armour
rPois   .          Reflect  .   c - +0 helmet
rElec   .          Harm     .   (no cloak)
rCorr   .          Rampage  .   (no gloves)
Will    .....                   (no boots)
Stlth   +.........              (no amulet)
HPRegen 0.08/turn               (no ring)
MPRegen 0.08/turn               (no ring)

@: no status effects
A: no striking features
a: no special abilities


You were on level 1 of the Dungeon.
You visited 1 branch of the dungeon, and saw 1 of its levels.

You collected 78 gold pieces.

Inventory:

Hand Weapons
 a - a +0 war axe (weapon)
Missiles
 d - 3 throwing nets (quivered)
 e - a javelin
Armour
 b - a +0 leather armour (worn)
 c - a +0 helmet (worn)
Scrolls
 g - a scroll of butterflies {unknown}
 i - a scroll of identify {unknown}
 k - 2 scrolls of teleportation {unknown}
 l - a scroll of vulnerability {unknown}
Potions
 f - a potion of degeneration {unknown}
 h - a potion of curing {unknown}
 j - a potion of heal wounds {unknown}


   Skills:
 + Level 2.5 Fighting
 + Level 4.4 Axes
 + Level 2.1 Throwing
 + Level 0.7 Armour
 + Level 2.6 Dodging


You had one spell level left.
You didn't know any spells.
Your spell library contained the following spells:

 Spells                   Type           Power      Damage    Failure   Level
 Scorch                   Fire           0%         2d5       63%         2
 Flame Wave               Conj/Fire      0%         2d4       99%         4
 Summon Cactus Giant      Summ           0%         N/A       100%        6


Dungeon Overview and Level Annotations

Branches:
Dungeon (1/15)

Altars:


Message History

The hobgoblin is severely wounded.
The hobgoblin barely misses you.
You hit the hobgoblin.
You kill the hobgoblin!
No target in view!
You see here a hobgoblin corpse.
A giant cockroach comes into view.
A giant cockroach is nearby!
A giant cockroach is nearby!
A giant cockroach is nearby!
You barely miss the giant cockroach.
The giant cockroach bites you but does no damage.
You hit the giant cockroach.
The giant cockroach is heavily wounded.
The giant cockroach bites you but does no damage.
The giant cockroach closely misses you.
You slash the giant cockroach!
You kill the giant cockroach!
No target in view!
Found 5 stones.
An endoplasm comes into view.
The endoplasm quivers.
You hit the endoplasm but do no damage. The endoplasm barely misses you.
An endoplasm is nearby!
You hit the endoplasm.
The endoplasm is almost dead.
The endoplasm freezes you.
You are frozen.
The endoplasm freezes you.
You are frozen.
You slash the endoplasm!
You kill the endoplasm!
No target in view!
No target in view!
l - a scroll labelled DECOVI BUED
k - 2 scrolls labelled FISMIJETTU (gained 1)
You now have 78 gold pieces (gained 8).
You pick up a book of Scorching and begin reading...
You add the spells Scorch, Flame Wave and Summon Cactus Giant to your library.
Are you sure you want to abandon this character and quit the game? (Confirm with "yes".)

### #.. #.# #.#
#.# # #@##.##.#
#.......#
#.##.#.########
#.##.# #.....#
#....# #.....#
#..### #.....#
#..###.##.....#
#......##.....#
##.########.###


There were no monsters in sight!

Vanquished Creatures
  A dart slug (D:1)
  2 endoplasms (D:1)
  2 giant cockroaches (D:1)
  2 goblins (D:1)
  2 hobgoblins (D:1)
  3 ball pythons (D:1)
  A frilled lizard (D:1)
  A kobold (D:1)
  2 rats (D:1)
16 creatures vanquished.

Notes
Turn   | Place    | Note
-------+----------+-------------------------------------------
     0 | D:1      | iamoutofideas the Hill Orc Gladiator began the quest for
                  | the Orb.
     0 | D:1      | Reached XP level 1. HP: 18/18 MP: 1/1
   181 | D:1      | Found a faded altar of an unknown god.
   320 | D:1      | Reached XP level 2. HP: 22/25 MP: 2/2
   823 | D:1      | Quit the game

Illustrated notes

Levels and vault maps discovered:
D:1:      grunt_arrival_crossed_arrows, layout_loops_cross,
          shapermc_ecumenical_altar_pompeii, minmay_tromino_v7

Skill      XL: |  1 |
---------------+----+-----
Throwing       | 2 |  2.1
Fighting       | |  2.5
Axes           | |  4.4
Armour         | |  0.7
Dodging        | |  2.6

Action                   || total
-------------------------++-------
Melee: War axe           ||    40
       Punch             ||     1
 Stab: Sleeping          ||     1
Armor: Leather armour    ||    11
Dodge: Dodged            ||    21
